 Dungeon Crawl Stone Soup version 0.24.0-28-g17ded55e90 (webtiles) character file.

Game seed: 2265865250508930662, levelgen mode: deterministic

7780 Still4 the Covert (level 11, -4/54 HPs)
             Began as a Gargoyle Venom Mage on Nov 12, 2019.
             Was an Elder of Wu Jian.
             Killed from afar by an efreet (26 damage)
             ... with a fireball
             ... on level 10 of the Dungeon on Nov 13, 2019.
             The game lasted 02:43:48 (13806 turns).

Still4 the Covert (Gargoyle Venom Mage)            Turns: 13806, Time: 02:43:48

Health: -4/54      AC: 11    Str: 12    XL:     11   Next: 20%
Magic:  19/20      EV: 14    Int: 19    God:    Wu Jian [****..]
Gold:   422        SH:  0    Dex: 10    Spells: 12/22 levels left

rFire    . . .     SeeInvis +   d - +10 morningstar "Eos" {elec, Halo rElec}
rCold    . . .     Gourm    .   (no shield)
rNeg     + . .     Faith    .   M - +0 robe {Archmagi}
rPois    ∞         Spirit   .   (no helmet)
rElec    +         Reflect  .   (no cloak)
rCorr    .         Harm     .   (no gloves)
MR       .....                  S - +0 pair of boots
Stlth    ++........             (no amulet)
HPRegen  0.18/turn              t - ring of wizardry
MPRegen  0.17/turn              y - ring of see invisible

@: glowing
A: negative energy resistance 1, electricity resistance, unbreathing,
petrification resistance, rot immunity, AC +8
a: Wall Jump, Serpent's Lash, Renounce Religion


You were on level 10 of the Dungeon.
You worshipped Wu Jian.
Wu Jian was greatly pleased with you.
You were not hungry.

You visited 1 branch of the dungeon, and saw 10 of its levels.
You also visited: Ossuary.

You collected 502 gold pieces.
You spent 80 gold pieces at shops.

Inventory:

Hand Weapons
 d - the +10 morningstar "Eos" (weapon) {elec, Halo rElec}
   (You took it off an orc priest on level 4 of the Dungeon)

   Occasionally, upon striking a foe, it will discharge some electrical energy
   and cause terrible harm.
   It insulates you from electricity.
 f - a +0 scythe of flaming
 o - a +2 flail of holy wrath
 E - a +0 quarterstaff
Armour
 a - a +0 robe
 e - a +0 ring mail
 m - a +0 robe
 w - a +1 robe of fire resistance
 G - a +0 robe
 M - a +0 robe of the Archmagi (worn)
 N - a +0 pair of boots
 Q - a +2 robe of magic resistance
 S - a +0 pair of boots (worn)
 X - a +1 robe of resistance
Magical Staves
 P - an uncursed staff of earth {unknown}
Jewellery
 t - a ring of wizardry (left hand)
 y - a ring of see invisible (right hand)
 T - an uncursed ring of poison resistance {unknown}
 U - an uncursed ring of see invisible
Wands
 n - a wand of digging (7)
 u - a wand of disintegration (8)
 x - a wand of scattershot (3)
 C - a wand of flame (13)
 K - a wand of polymorph (13)
 L - a wand of random effects (12)
 V - a wand of iceblast (8)
Scrolls
 g - 11 scrolls of identify
 h - 5 scrolls of fog {unknown}
 i - 2 scrolls of fear {unknown}
 j - 5 scrolls of amnesia {unknown}
 k - a scroll of noise {unknown}
 l - 7 scrolls of magic mapping {unknown}
 q - 2 scrolls of enchant weapon {unknown}
 r - 2 scrolls of immolation {unknown}
 B - a scroll of brand weapon {unknown}
 D - 2 scrolls of enchant armour {unknown}
 F - 3 scrolls of teleportation {unknown}
 J - 3 scrolls of remove curse {unknown}
 R - 2 scrolls of random uselessness {unknown}
Potions
 b - 3 potions of might
 p - 2 potions of lignification {unknown}
 s - 3 potions of curing {unknown}
 v - a potion of agility {unknown}
 z - a potion of flight {unknown}
 A - a potion of mutation {unknown}
 H - 3 potions of cancellation {unknown}
 I - a potion of haste {unknown}
 O - 2 potions of heal wounds
 W - a potion of ambrosia {unknown}
 Y - a potion of magic {unknown}
Comestibles
 c - 13 rations
 Z - 5 chunks of flesh


   Skills:
 + Level 5.5 Maces & Flails
 + Level 5.5 Dodging
 * Level 10.5 Stealth
 - Level 2.6 Unarmed Combat
 + Level 6.2 Spellcasting
 - Level 3.2 Conjurations
 * Level 9.6 Poison Magic


You had 12 spell levels left.
You knew the following spells:

 Your Spells              Type           Power        Failure   Level  Hunger
a - Sting                 Conj/Pois      ####         1%          1    None
b - Poisonous Vapours     Pois/Air       #####.       1%          2    None
c - Mephitic Cloud        Conj/Pois/Air  ####....     2%          3    ##.....
d - Olgreb's Toxic Radia  Pois           ######..     1%          4    ####...

Your spell library contained the following spells:

 Spells                   Type           Power        Failure   Level  Hunger
 Confusing Touch          Hex            #.....       4%          1    None
 Venom Bolt               Conj/Pois      #####.....   9%          5    #####..
 Confuse                  Hex            #.......     13%         3    ##.....
 Gell's Gravitas          Tloc           #.........   13%         3    ##.....
 Petrify                  Tmut/Erth      #.......     38%         4    ####...
 Metabolic Englaciation   Hex/Ice        #.........   73%         5    #####..
 Yara's Violent Unravell  Hex/Tmut       #.........   73%         5    #####..


Dungeon Overview and Level Annotations

Branches:
Dungeon (10/15)            Temple (0/1) D:4             Orc (0/2) D:9
Ossuary (visited)
   Lair: D:8-11

Altars:
Cheibriados
Elyvilon
Fedhas
Kikubaaqudgha
Sif Muna
Trog
Wu Jian
Yredelemnul

Shops:
D:10 :*}}

Annotations:
D:3 Delamore's ghost, amateur HOMo


Innate Abilities, Weirdness & Mutations

You are resistant to torment.
Your stone body is resilient. (AC +8)
You are immune to poison.
You resist negative energy. (rN+)
You are resistant to electric shocks. (rElec)
You can survive without breathing.
You are immune to petrification.
You are immune to rotting.


Message History

Confirm with . or Enter, or press ? or * to list all spells.
You can't see any susceptible monsters within range! (Use Z to cast anyway.)
Casting: Sting (safe; 1% risk of failure)
Confirm with . or Enter, or press ? or * to list all spells.
Aiming: Sting (safe; 1% risk of failure)
Press: ? - help, Shift-Dir - straight line, f/p - efreet
Aim: an efreet, wielding a +0 scimitar of flaming (lightly wounded, poisoned)
You feel a surge of power!
The sting hits the efreet but does no damage.
The efreet is lightly wounded.
The efreet gestures at you. The bolt of fire hits you!
There is an open door here.
Casting: Sting (safe; 1% risk of failure)
Confirm with . or Enter, or press ? or * to list all spells.
You don't know that spell.
The efreet looks more healthy.
The efreet gestures at you.
The fireball explodes!
The fireball engulfs you!!
You die...

.............∩.........
........................
..........#'#.....#####+
..........'∩'.....#
.........#'###...#
...........# #...#
##.....### #...#+####
#.....# #.........
#..@..# #....##'##
#.....# #.>..#....
.#######..R..# #....#....
..........☼..# #....#....
..####....○..# #....#....
#..######°.#####....#....
........☼...........#....
.....>.○#.########..#....
.......○#.# #....


You could see an efreet.

Vanquished Creatures
  3 two-headed ogres (D:9)
  A troll (D:10)
  A hippogriff (D:8)
  Sigmund (D:2)
  A wyvern (D:8)
  6 yaks
  A steam dragon (D:5)
  Menkaure (D:7)
  An orc warrior (D:10)
  A hornet zombie (D:8)
  2 black bears (D:6)
  A sky beast (D:5)
  2 ice beasts
  3 ogres
  2 phantoms
  3 centaurs
  3 bullfrogs
  A wyvern zombie (D:9)
  6 scorpions
  11 killer bees
  A howler monkey (D:5)
  13 wights
  A bullfrog zombie (D:9)
  A centaur zombie (D:5)
  4 crimson imps
  A quasit (D:7)
  2 bullfrog skeletons
  A centaur skeleton (D:5)
  5 orc priests
  6 hounds
  10 orc wizards
  Jessica (D:3)
  A gnoll shaman (D:9)
  Terence (D:2)
  An iguana (D:4)
  6 worker ants
  A hound skeleton (D:7)
  14 gnolls
  A worker ant zombie (D:9)
  10 adders
  2 shadow imps
  An adder zombie (D:5)
  An adder skeleton (D:4)
  6 worms
  6 leopard geckos
  16 orcs
  9 ball pythons
  2 giant cockroaches
  A goblin (D:3)
  9 hobgoblins
  16 jackals
  7 kobolds
  3 quokkas
  5 bats
  2 frilled lizards
  A quokka zombie (D:8)
  6 rats
225 creatures vanquished.

Notes
Turn   | Place    | Note
-------+----------+-------------------------------------------
     0 | D:1      | Still4 the Gargoyle Venom Mage began the quest for the Orb.
     0 | D:1      | Reached XP level 1. HP: 10/10 MP: 3/3
   491 | D:1      | Reached XP level 2. HP: 15/15 MP: 0/5
   717 | D:1      | Learned a level 2 spell: Poisonous Vapours
  2317 | D:1      | Reached XP level 3. HP: 16/19 MP: 0/6
  2670 | D:2      | Noticed Sigmund
  3037 | D:1      | Reached skill level 1 in Unarmed Combat
  3296 | D:2      | Killed Sigmund
  3296 | D:2      | Reached skill level 3 in Stealth
  3296 | D:2      | Reached XP level 4. HP: 7/24 MP: 3/8
  3296 | D:2      | Reached XP level 5. HP: 8/28 MP: 3/9
  3609 | D:2      | Learned a level 3 spell: Mephitic Cloud
  3805 | D:2      | Reached XP level 6. HP: 32/32 MP: 1/10
  3910 | D:2      | Noticed Terence
  3919 | D:2      | Killed Terence
  5036 | D:3      | Learned a level 4 spell: Olgreb's Toxic Radiance
  5106 | D:3      | Noticed Jessica
  5111 | D:3      | Killed Jessica
  5189 | D:3      | Found a faded altar of an unknown god.
  5191 | D:3      | Became a worshipper of the Wu Jian Council
  5191 | D:3      | Reached * piety under Wu Jian
  5858 | D:3      | Found a large runed translucent door.
  5859 | D:3      | Found a large runed translucent door.
  5860 | D:3      | Noticed Delamore's ghost (amateur HOMo)
  6785 | D:4      | Reached XP level 7. HP: 27/36 MP: 4/11
  6933 | D:4      | Found a staircase to the Ecumenical Temple.
  6955 | D:4      | Reached skill level 4 in Stealth
  7015 | D:4      | Found a snail-covered altar of Cheibriados.
  7049 | D:4      | Reached skill level 5 in Poison Magic
  7185 | D:4      | Found a basalt altar of Yredelemnul.
  7303 | D:4      | Found a white marble altar of Elyvilon.
  7476 | D:5      | Entered Level 5 of the Dungeon
  7531 | D:5      | Found a white marble altar of Elyvilon.
  7541 | D:5      | Reached ** piety under Wu Jian
  7802 | D:5      | Found a blossoming altar of Fedhas.
  7844 | D:5      | Reached skill level 1 in Maces & Flails
  7850 | D:5      | Reached XP level 8. HP: 35/41 MP: 11/13
  7899 | D:5      | Reached skill level 5 in Stealth
  8074 | D:5      | Found a sand-covered staircase.
  8079 | Ossuary  | Entered an ossuary
  8977 | D:6      | Found an ancient bone altar of Kikubaaqudgha.
  9057 | D:5      | Reached skill level 6 in Stealth
  9425 | D:6      | Found a bloodstained altar of Trog.
  9440 | D:6      | Reached XP level 9. HP: 37/45 MP: 15/15
  9756 | D:6      | Found a shimmering blue altar of Sif Muna.
 10069 | D:7      | Reached skill level 7 in Stealth
 10091 | D:7      | Found an ornate altar of the Wu Jian Council.
 10132 | D:7      | Noticed Menkaure
 10136 | D:7      | Killed Menkaure
 11190 | D:8      | Reached skill level 8 in Stealth
 11309 | D:8      | Reached *** piety under Wu Jian
 11570 | D:8      | Reached skill level 5 in Spellcasting
 11716 | D:9      | Reached XP level 10. HP: 50/50 MP: 12/17
 11805 | D:9      | Noticed a two-headed ogre
 11816 | D:9      | Noticed a two-headed ogre
 11826 | D:9      | Killed a two-headed ogre
 11885 | D:9      | Killed a two-headed ogre
 11885 | D:9      | Reached skill level 9 in Stealth
 12119 | D:9      | Reached skill level 5 in Dodging
 12198 | D:9      | Noticed a two-headed ogre
 12280 | D:9      | Killed a two-headed ogre
 12280 | D:9      | Reached skill level 5 in Maces & Flails
 12926 | D:9      | Found a staircase to the Orcish Mines.
 12970 | D:10     | Entered Level 10 of the Dungeon
 12990 | D:9      | Reached skill level 10 in Stealth
 13272 | D:10     | Found Qilawuf's Gadget Shoppe.
 13398 | D:10     | Reached XP level 11. HP: 51/54 MP: 13/19
 13419 | D:9      | Reached **** piety under Wu Jian
 13760 | D:10     | Found Rezim's Gadget Shop.
 13774 | D:10     | Found Ylerif's General Store.
 13778 | D:10     | Bought a potion of heal wounds for 80 gold pieces
 13794 | D:10     | Found Moreixte's Book Emporium.
 13806 | D:10     | Killed from afar by an efreet

Levels and vault maps discovered:
D:1:      kilobyte_arrival_exit_the_forest, layout_basic, serial_bayou_lagoon_a
D:2:      layout_basic, minmay_snake_closets, uniq_sigmund, uniq_terence
D:3:      layout_loops_corners, chequers_ecumenical_altar_twisty, first_ration,
          ebering_ghost_disaster_area, uniq_jessica
D:4:      layout_rooms, kennysheep_ying_yang, minmay_temple_entry_grid,
          cheibriados_altar_1
D:5:      minmay_chambers_of_fours, layout_loops_corners,
          nicolae_overflow_crystal_walls, nicolae_ossuary_entry_plus,
          columned_hall_lemuel, elyvilon_altar_4
D:6:      cheibrodos_steamvent, layout_loops_ring, overflow_temple_1_default,
          nicolae_overflow_hidden_temple, trog_ov_bears_minmay
D:7:      layout_loops_corners, lemuel_doored_altar, uniq_menkaure
D:8:      layout_loops_ring
D:9:      layout_basic, orc_0_dummy
D:10:     layout_irregular_city, serial_shops, shop, shop, shop, shop_statue,
          nicolae_shop_behind_doors, grunt_livestock, nicolae_twisting_strands

Skill      XL: |  1  2  3  4  5  6  7  8  9 10 11 |
---------------+----------------------------------+-----
Unarmed Combat | 1 2 |  2.6
Dodging        | 2 3 4 5 |  5.5
Stealth        | 3 4 6 8 10 | 10.5
Conjurations   | 2 3 |  3.2
Poison Magic   | 4 5 6 7 9 |  9.6
Spellcasting   | 3 4 5 6 |  6.2
Maces & Flails | 1 2 4 5 |  5.5

Action                   |  1- 3 |  4- 6 |  7- 9 | 10-12 || total
-------------------------+-------+-------+-------+-------++-------
Melee: Unarmed           |    28 |    82 |    35 |       ||   145
       Punch             |       |     2 |     3 |     1 ||     6
       Morningstar       |       |       |   124 |   102 ||   226
 Cast: Sting             |    32 |    66 |    79 |    43 ||   220
       Poisonous Vapours |    17 |    14 |       |       ||    31
       Mephitic Cloud    |       |     9 |    14 |    16 ||    39
       Olgreb's Toxic Ra |       |     1 |     6 |     7 ||    14
Invok: Whirlwind         |       |    24 |    29 |    15 ||    68
       Lunge             |       |     5 |    17 |     8 ||    30
Evoke: Wand              |       |     2 |       |       ||     2
  Use: Potion            |     1 |     1 |     1 |       ||     3
       Scroll            |       |     1 |     1 |       ||     2
 Stab: Confused          |       |       |     5 |     6 ||    11
       Sleeping          |       |       |     1 |       ||     1
  Eat: Chunk             |     4 |     8 |     9 |     9 ||    30
       Ration            |     1 |     2 |     2 |       ||     5
Armor: Robe              |    32 |    21 |    64 |    29 ||   146
Dodge: Dodged            |    86 |    51 |   100 |   104 ||   341
